 Dungeon Crawl Stone Soup version 0.30-a0-377-g5cb311bc9f (webtiles) character file.

Game seed: 3928063331834801779

335 tio the Grave Robber (level 6, -5/37 HPs)
             Began as a Vampire Necromancer on Nov 28, 2022.
             Was a Believer of Hepliaklqana.
             Engulfed by a cloud of flame (23 damage)
             ... on level 4 of the Dungeon.
             The game lasted 00:44:49 (2491 turns).

tio the Grave Robber (Vampire Necromancer)          Turns: 2491, Time: 00:44:59

Health: -5/37      AC:  6    Str:  9    XL:     6   Next: 28%
Magic:  11/12      EV: 13    Int: 18    God:    Hepliaklqana [**....]
Gold:   130        SH:  0    Dex: 17    Spells: 12/13 levels left

rFire   . . .      SeeInvis +    n - +0 scythe
rCold   + . .      Faith    .    (shield currently unavailable)
rNeg    . . .      Spirit   .    m - +2 robe {Will+}
rPois   .          Reflect  .    (no helmet)
rElec   .          Harm     .    (no cloak)
rCorr   .          Rampage  .    h - +0 pair of gloves
Will    +....                    q - +0 pair of boots
Stlth   ++........               (no amulet)
HPRegen 0.46/turn                a - ring of Joy {rC+ Dex+3}
MPRegen 0.13/turn                (no ring)

@: healing quickly
A: reduced essence, alive, fangs 3, see invisible, vampiric 2
a: Exsanguinate, Renounce Religion, Recall Ancestor, Ancestor Identity


You were on level 4 of the Dungeon.
You worshipped Hepliaklqana.
Hepliaklqana was pleased with you.
You visited 1 branch of the dungeon, and saw 4 of its levels.

You collected 130 gold pieces.

Inventory:

Hand Weapons
 d - a +1 vorpal flail
 n - a +0 scythe (weapon)
Armour
 h - a +0 pair of gloves (worn)
 m - a +2 robe of willpower (worn)
 q - a +0 pair of boots (worn)
Jewellery
 a - the ring of Joy (left hand) {rC+ Dex+3}
   (You found it on level 3 of the Dungeon)

   [ring of protection from cold]

   Dex:       It affects your dexterity (+3).
   rC:        It protects you from cold.
Wands
 i - a wand of mindburst (7)
 l - a wand of digging (2)
Scrolls
 c - a scroll of fear
 j - 2 scrolls of magic mapping
 o - a scroll of poison {unknown}
Potions
 b - a potion of magic
 e - a potion of invisibility
 f - a potion of heal wounds
 g - 2 potions of mutation
 k - 3 potions of curing
 p - a potion of degeneration {unknown}
Miscellaneous
 r - a piece from Xom's chessboard (15/15)


   Skills:
 + Level 0.6 Fighting
 + Level 1.0 Short Blades
 + Level 2.7 Dodging
 + Level 3.2 Stealth
 + Level 0.2 Unarmed Combat
 + Level 4.1 Spellcasting
 + Level 6.2 Necromancy
 + Level 1.1 Evocations


You had 12 spell levels left.
You knew the following spells:

 Your Spells              Type           Power      Damage    Failure   Level
a - Necrotise             Necr           100%       1d9       1%          1

Your spell library contained the following spells:

 Spells                   Type           Power      Damage    Failure   Level
 Vampiric Draining        Necr           26%        2d7       3%          3
 Cigotuvi's Dreadful Rot  Necr/Pois/Air  22%        N/A       10%         2
 Animate Dead             Necr           26%        N/A       11%         4
 Dispel Undead            Necr           26%        3d13      11%         4
 Foxfire                  Conj/Fire      12%        2x1d4     14%         1
 Agony                    Necr           26%        N/A       30%         5
 Death Channel            Necr           13%        N/A       86%         6
 Fireball                 Conj/Fire      1%         3d3       99%         5
 Starburst                Conj/Fire      1%         6d3       100%        6


Dungeon Overview and Level Annotations

Branches:
Dungeon (4/15)
 Temple: D:4-7

Altars:
Ashenzari
Hepliaklqana
Xom


Innate Abilities, Weirdness & Mutations

Your life essence is reduced to manifest your ancestor. (-10% HP)
Your natural rate of healing is accelerated.
You have razor-sharp teeth.
You have supernaturally acute eyesight. (SInv)
You are afflicted with vampirism and can become a bat while bloodless.


Message History

You see here a +0 club.
Your adder skeleton crumbles into dust!
You swap places.
You swap places.
Your goblin skeleton crumbles into dust!
There is a stone staircase leading up here.
There is a stone staircase leading down here.
You swap places.
You swap places.
There is a stone staircase leading down here.
Things that are here:
a +0 short sword; a +0 dagger; a +0 robe Done exploring.
You swap places.
Things that are here:
a +0 short sword; a +0 dagger; a +0 robe
There is a stone staircase leading down here.
You climb downwards.
You hear the sound of rushing water.
There is an entrance to a sewer on this level.
Hurry and find it before the portal rusts away!
You hear the hiss of flowing sand.
There is an entrance to an ossuary on this level.
Hurry and find it before the portal is buried!
Found a scroll labelled ZIJIUN CEHA and a runed short sword.
There is a stone staircase leading up here.
Found a plate armour.
You see here a scroll labelled ZIJIUN CEHA.
Found 16 gold pieces.
Found a broken altar of Ashenzari.
You see here a scroll labelled ZIJIUN CEHA.
As you read the scroll labelled ZIJIUN CEHA, it crumbles to dust.
The creatures around you are filled with an inner flame!
It was a scroll of immolation.
Kai hits the giant cockroach but does no damage.
The giant cockroach closely misses you.
The giant cockroach writhes in agony.
The giant cockroach explodes!
The fiery explosion engulfs you!!
Ouch! That really hurt!
Kai avoids your attack.
You are engulfed in blazing flames.
Ouch! That really hurt!
You die...

###########
..........
#...... #...#
#<..##.#.
#@§........
#...§R..#..[.
#...§§§.......
#..###..≈≈≈≈≈
#.. #.)..≈≈≈≈
#.. #..8...._
.. $....≈≈≈≈
### .≈≈≈≈


You could see the friendly kai the knight (inner flame).

Vanquished Creatures
  An orc priest (D:3)
  An orc wizard (D:3)
  Natasha (D:2)
  4 adders
  2 dart slugs (D:1)
  4 orcs (D:3)
  4 ball pythons
  5 endoplasms
  2 giant cockroaches
  8 goblins
  3 hobgoblins (D:1)
  A quokka (D:2)
  5 bats
  4 frilled lizards (D:1)
  3 kobolds
  5 rats
  A butterfly (D:3)
54 creatures vanquished.

Vanquished Creatures (collateral kills)
  Sigmund (D:2)
  3 orcs (D:3)
  A butterfly (D:3)
5 creatures vanquished.

Grand Total: 59 creatures vanquished

Notes
Turn   | Place    | Note
-------+----------+-------------------------------------------
     0 | D:1      | tio the Vampire Necromancer began the quest for the Orb.
     0 | D:1      | Reached XP level 1. HP: 13/13 MP: 3/3
     2 | D:1      | Noticed a ghoul
     4 | D:1      | Noticed a vampire
     4 | D:1      | Noticed a meteoran
     6 | D:1      | Noticed an ogre
     6 | D:1      | Noticed an octopode
     8 | D:1      | Noticed a felid
    10 | D:1      | Noticed a demonspawn
    10 | D:1      | Noticed a spriggan
    12 | D:1      | Noticed a human
    12 | D:1      | Noticed a minotaur
    14 | D:1      | Noticed a naga
    14 | D:1      | Noticed a formicid
    16 | D:1      | Noticed a vine stalker
    16 | D:1      | Noticed a tengu
    18 | D:1      | Noticed a gargoyle
    18 | D:1      | Noticed an armataur
    20 | D:1      | Noticed a demigod
    20 | D:1      | Noticed a troll
    22 | D:1      | Noticed a merfolk
    22 | D:1      | Noticed an elf
    24 | D:1      | Noticed a vine stalker
    26 | D:1      | Noticed an elf
   163 | D:1      | Reached XP level 2. HP: 19/19 MP: 1/5
   359 | D:1      | Found a faded altar of an unknown god.
   457 | D:1      | Prayed at the altar of an unknown god.
   457 | D:1      | Became a worshipper of Hepliaklqana the Forgotten
   457 | D:1      | Reached * piety under Hepliaklqana
   940 | D:1      | Gained mutation: You are afflicted with vampirism and can
                  | become a bat while bloodless. [Vampire growth]
   940 | D:1      | Reached XP level 3. HP: 19/19 MP: 4/6
  1145 | D:2      | Reached skill level 5 in Necromancy
  1247 | D:2      | Noticed Sigmund
  1268 | D:2      | Killed Sigmund
  1269 | D:2      | Reached XP level 4. HP: 20/27 MP: 5/9
  1269 | D:2      | Reached XP level 5. HP: 24/32 MP: 5/10
  1679 | D:2      | Noticed Natasha
  1684 | D:2      | Killed Natasha
  1723 | D:2      | Reached skill level 6 in Necromancy
  1749 | D:2      | Reached ** piety under Hepliaklqana
  1905 | D:3      | Reached skill level 1 in Short Blades
  1905 | D:3      | Reached XP level 6. HP: 33/37 MP: 3/12
  1906 | D:3      | Remembered your ancestor kai as a knight
  1915 | D:3      | Reached skill level 1 in Evocations
  1959 | D:3      | Found a shimmering altar of Xom.
  1985 | D:3      | Identified the ring of Joy {rC+ Dex+3}
  2487 | D:4      | Found a broken altar of Ashenzari.
  2491 | D:4      | Engulfed by a cloud of flame

Illustrated notes

Levels and vault maps discovered:
D:1:      kb_arrival_jail, layout_loops_ring,
          ebering_ecumenical_altar_petrified, minmay_large_rounded_square
D:2:      layout_basic, basic_altar, uniq_natasha, uniq_sigmund
D:3:      layout_loops_ring, xom_butterflies
D:4:      layout_loops_ring, mainiacjoe_overflow_catwalk,
          nicolae_ossuary_entry_plus, portal_sewer_entry_f, uniq_duvessa,
          uniq_menkaure

Skill      XL: |  1  2  3  4  5  6 |
---------------+-------------------+-----
Necromancy     | 5 6 |  6.2
Spellcasting   | 3 4 |  4.1
Short Blades   | 1 |  1.0
Evocations     | 1 |  1.1
Fighting       | |  0.6
Dodging        | |  2.7
Stealth        | |  3.2
Unarmed Combat | |  0.2

Action                   |  1- 3 |  4- 6 || total
-------------------------+-------+-------++-------
Melee: Unarmed           |    11 |       ||    11
       Dagger            |    26 |       ||    26
       Bite              |     2 |       ||     2
       Halberd           |       |     4 ||     4
 Cast: Necrotise         |    54 |    33 ||    87
Invok: Ancestor Identity |     1 |       ||     1
       Recall Ancestor   |       |     1 ||     1
       Ancestor Life: Kn |       |     1 ||     1
 Abil: Exsanguinate      |     2 |       ||     2
       Revivify          |     2 |       ||     2
       End Transformatio |     1 |       ||     1
       Bat Form          |     1 |       ||     1
Evoke: Wand              |     8 |     5 ||    13
  Use: Scroll            |     7 |     2 ||     9
       Potion            |     1 |       ||     1
 Stab: Sleeping          |       |     1 ||     1
Armor: Chain mail        |     6 |       ||     6
       Robe              |    18 |     2 ||    20
Dodge: Dodged            |    30 |     6 ||    36

Table legend: (Time is in decaauts)
 A = Elapsed time spent in this place.
 B = Non-inter-level travel time spent in this place.
 C = Inter-level travel time spent in this place.
 D = Time resting spent in this place.
 E = Time spent auto-exploring this place.
 F = Levels seen in this place.
 G = Mean time per level.
                   A        B        C        D        E       F      G
               +--------+--------+--------+--------+--------+-----+--------+
         Total |   2476 |    964 |   1512 |      0 |    446 |   4 |  619.0 |
       Dungeon |   2476 |    964 |   1512 |      0 |    446 |   4 |  619.0 |
               +--------+--------+--------+--------+--------+-----+--------+

Top non-repeatable levels by time:
     D:1: 1010 daAuts
     D:2: 868 daAuts
     D:3: 591 daAuts
     D:4: 5 daAuts
